 Dungeon Crawl Stone Soup version 0.30.1-11-g7821555f0a (webtiles) character file.

Game seed: 1678205782149536699

10558 GimliDwarf the Carver (level 11, -1/129 HPs)
             Began as a Gnoll Reaver on Jan 3, 2024.
             Was an Elder of Wu Jian.
             Slain by a yak (7 damage)
             ... on level 8 of the Dungeon.
             The game lasted 00:41:28 (14827 turns).

GimliDwarf the Carver (Gnoll Reaver)               Turns: 14827, Time: 00:41:28

Health: -1/129     AC: 25    Str: 12    XL:     11   Next: 64%
Magic:  15/23      EV:  2    Int: 19    God:    Wu Jian [****..]
Gold:   798        SH:  0    Dex: 20    Spells: 8/27 levels left

rFire   . . .        a - +3 falchion
rCold   . . .        (no shield)
rNeg    . . .        i - melded +3 leather armour
rPois   +            q - melded -2 hat of the Alchemist {rElec rPois rF+ rC+ rN+ Will+ rMut rCorr}
rElec   .            (cloak currently unavailable)
rCorr   .            (gloves currently unavailable)
SInv    .            g - melded +0 pair of boots "Pocaxomm" {Rampage rF- Int+9}
Will    .....        (no amulet)
Stlth   ++++         l - +6 ring of dexterity
HPRegen 0.41/turn    v - +6 ring of intelligence
MPRegen 0.18/turn

%: no passive effects
@: tree-form
A: stationary, stasis, torment immunity, boosted hp, (fangs 1), strong nose,
distributed training
a: Renounce Religion, Wall Jump, Serpent's Lash


You were on level 8 of the Dungeon.
You worshipped Wu Jian.
Wu Jian was greatly pleased with you.
You were a tree.
You visited 3 branches of the dungeon, and saw 15 of its levels.

You collected 950 gold pieces.
You spent 152 gold pieces at shops.

Inventory:

Hand Weapons
 a - a +3 falchion (weapon)
Missiles
 c - 2 atropa-tipped darts
 m - 27 poisoned darts
 r - 3 boomerangs of dispersal
Armour
 g - the +0 pair of boots "Pocaxomm" (melded) {Rampage rF- Int+9}
   (You bought it in a shop on level 11 of the Dungeon)

   Int:       It affects your intelligence (+9).
   rF:        It makes you vulnerable to fire.
   Rampage:   It bestows one free step when moving towards enemies.
 i - a +3 leather armour (melded)
 q - the -2 hat of the Alchemist (melded) {rElec rPois rF+ rC+ rN+ Will+ rMut rCorr}
   (You found it on level 4 of the Dungeon)

   rF:        It protects you from fire.
   rC:        It protects you from cold.
   rElec:     It insulates you from electricity.
   rPois:     It protects you from poison.
   rN:        It protects you from negative energy.
   rCorr:     It protects you from acid and corrosion.
   rMut:      It protects you from mutation.
   Will:      It increases your willpower.
 y - a +2 pair of boots
Jewellery
 l - a +6 ring of dexterity (left branch)
 t - a ring of poison resistance
 v - a +6 ring of intelligence (right branch)
 E - a +6 ring of intelligence
Wands
 h - a wand of light (7)
 j - a wand of mindburst (7)
 p - a wand of roots (2)
 s - a wand of charming (4)
Scrolls
 f - 4 scrolls of poison
 k - 5 scrolls of identify
 w - a scroll of magic mapping
 B - a scroll of blinking
 D - 2 scrolls of amnesia
 G - a scroll of teleportation
Potions
 b - 5 potions of curing
 d - 4 potions of mutation
 e - 3 potions of haste
 n - 4 potions of lignification
 o - 2 potions of flight
 u - 2 potions of ambrosia
 x - a potion of invisibility
 z - a potion of heal wounds
 A - a potion of berserk rage
Miscellaneous
 C - a phial of floods


   Skills:
 + Level 8.2 Fighting
 + Level 6.7 Short Blades
 + Level 9.5 Long Blades
 + Level 6.7 Axes
 + Level 6.7 Maces & Flails
 + Level 6.7 Polearms
 + Level 6.7 Staves
 + Level 6.7 Ranged Weapons
 + Level 6.7 Throwing
 + Level 6.7 Armour
 + Level 8.2 Dodging
 + Level 6.7 Stealth
 + Level 6.7 Shields
 + Level 6.7 Unarmed Combat
 + Level 8.5 Spellcasting
 + Level 7.9 Conjurations
 + Level 5.5 Hexes
 + Level 5.5 Summonings
 + Level 5.5 Necromancy
 + Level 5.5 Translocations
 + Level 5.5 Transmutations
 + Level 5.5 Fire Magic
 + Level 5.5 Ice Magic
 + Level 5.5 Air Magic
 + Level 5.5 Earth Magic
 + Level 5.5 Poison Magic
 + Level 7.4 Invocations
 + Level 6.7 Evocations


You had 8 spell levels left.
You knew the following spells:

 Your Spells              Type           Power      Damage    Failure   Level
a - Flame Wave            Conj/Fire      33%        2d10      5%          4
b - Momentum Strike       Conj/Tloc      66%        3d9       1%          2
c - Sticky Flame          Conj/Fire      33%        2d5       5%          4
d - Vampiric Draining     Necr           29%        2d8       2%          3
e - Dispel Undead         Necr           29%        3d13      9%          4
f - Blink                 Tloc           58%        N/A       1%          2

Your spell library contained the following spells:

 Spells                   Type           Power      Damage    Failure   Level
 Apportation              Tloc           58%        N/A       1%          1
 Kiss of Death            Conj/Necr      100%       2d13      1%          1
 Necrotise                Necr           100%       1d9       1%          1
 Slow                     Hex            100%       N/A       1%          1
 Summon Small Mammal      Summ           100%       N/A       1%          1
 Cigotuvi's Dreadful Rot  Necr/Pois/Air  58%        N/A       1%          2
 Lesser Beckoning         Tloc           58%        N/A       1%          2
 Hailstorm                Conj/Ice       33%        3d8       1%          3
 Confusing Touch          Hex            29%        N/A       2%          3
 Inner Flame              Hex/Fire       29%        N/A       2%          3
 Death Channel            Necr           14%        N/A       80%         6


Dungeon Overview and Level Annotations

Branches:
Dungeon (13/15)            Temple (1/1) D:4            Lair (1/5) D:8
    Orc (0/2) D:11
 Vaults: D:13-14

Altars:
Ashenzari
Cheibriados
Dithmenos
Elyvilon
Fedhas
Gozag
Hepliaklqana
Kikubaaqudgha
Makhleb
Nemelex Xobeh
Okawaru
Qazlal
Ru
Sif Muna
Trog
Uskayaw
Vehumet
Wu Jian
Xom
Yredelemnul
Zin
The Shining One

Shops:
D:8 [((   D:11 [

Annotations:
D:4 1 runed translucent door, ritesign's ghost, amateur DECj


Innate Abilities, Weirdness & Mutations

You are a tree.
Your roots penetrate the ground, keeping you stationary.
You cannot be teleported.
You are immune to unholy pain and torment.
Your maximum health is greatly increased.
Your equipment is partially melded.
((You have very sharp teeth.))
Your uncanny sense of smell can sniff out nearby items.
Your experience applies equally to all skills.


Message History

The yak gores you but does no damage. x2
You slash the yak!
You kill the yak!
The Council accepts your kill. The yak gores you but does no damage.
You spin and attack the yak.
You barely miss the yak.
The yak is lightly wounded.
The yak gores you!
You see here a yak corpse.
You slash the yak!
The yak is heavily wounded.
You hit the yak.
The yak is moderately wounded.
The yak gores you but does no damage. The yak closely misses you.
You hit the yak but do no damage.
The yak is moderately wounded.
You barely miss the yak.
The yak is moderately wounded.
The yak gores you! The yak misses you.
You barely miss the yak. Your bite misses the yak.
The yak is moderately wounded.
The yak gores you!
* * * LOW HITPOINT WARNING * * *
The yak misses you.
You hit the yak.
The yak is moderately wounded.
The yak gores you!
* * * LOW HITPOINT WARNING * * *
The yak gores you.
* * * LOW HITPOINT WARNING * * *
Really quaff the potion of lignification?
You turn into a tree.
The -2 hat of the Alchemist {rElec rPois rF+ rC+ rN+ Will+ rMut rCorr} melds into your body.
The +0 pair of boots "Pocaxomm" {Rampage rF- Int+9} melds into your body.
Your +3 leather armour melds into your body.
Your roots penetrate the ground.
The yak gores you but does no damage. x2
You barely miss the yak.
The yak is moderately wounded.
The yak gores you!
You die...

#............#
#............###
#......_.......#
#............#.######
#............#......#
#.###.....#########.#
#.# #.....# #.# #.#
#.....### #.# #####
### ##)..†Y♣# #.#
#.... #.####Y# #.#
#.### #[# ### #.# #.#
#[# #.# #.# #)# #.#
#.# #.# #.# #.# #.#
#.####.# #.# #.....∩#
#.# ########


You could see 2 yaks.

Vanquished Creatures
  A two-headed ogre (D:10)
  2 cyclopes (D:11)
  Joseph (D:7)
  Psyche (D:11)
  4 trolls
  Prince Ribbit (D:5)
  A vampire (D:10)
  A wyvern (D:10)
  A shadow (D:12)
  2 wraiths
  Grum (D:11)
  8 yaks
  2 acid dragons
  2 water moccasins
  6 orc warriors
  A black bear (D:5)
  4 ice beasts
  2 ogres (D:4)
  2 wolves (D:10)
  5 centaurs
  5 kobold brigands
  A gnoll sergeant (D:7)
  2 bullfrogs
  3 scorpions
  9 wights
  9 killer bees
  3 howler monkeys
  2 bullfrog zombies (D:4)
  3 hounds
  5 jellies
  7 orc priests
  3 gnoll boudas
  A sleepcap (D:5)
  Natasha (thrice) (D:2)
  6 iguanas
  14 orc wizards
  2 hound zombies (D:4)
  A mummy (D:8)
  20 gnolls
  7 adders
  A white imp (D:6)
  An adder zombie (D:4)
  6 worms
  3 dart slugs
  50 orcs
  4 ball pythons
  3 bats
  14 endoplasms
  5 giant cockroaches
  3 goblins
  A hobgoblin (D:1)
  40 kobolds
  2 quokkas
  7 rats
294 creatures vanquished.

Notes
Turn   | Place    | Note
-------+----------+-------------------------------------------
     0 | D:1      | GimliDwarf the Gnoll Reaver began the quest for the Orb.
     0 | D:1      | Reached XP level 1. HP: 20/20 MP: 6/6
   227 | D:1      | Found a faded altar of an unknown god.
   394 | D:1      | Reached XP level 2. HP: 22/26 MP: 7/7
   630 | D:1      | Learned a level 2 spell: Momentum Strike
   760 | D:2      | Reached skill level 5 in Spellcasting
   760 | D:2      | Reached XP level 3. HP: 31/31 MP: 7/9
   891 | D:2      | Reached skill level 1 in Invocations
   900 | D:2      | Noticed Natasha
   933 | D:2      | Killed Natasha
   934 | D:2      | Reached skill level 1 in Short Blades
   934 | D:2      | Reached skill level 1 in Axes
   934 | D:2      | Reached skill level 1 in Maces & Flails
   934 | D:2      | Reached skill level 1 in Polearms
   934 | D:2      | Reached skill level 1 in Staves
   934 | D:2      | Reached skill level 1 in Ranged Weapons
   934 | D:2      | Reached skill level 1 in Throwing
   934 | D:2      | Reached skill level 1 in Armour
   934 | D:2      | Reached skill level 1 in Stealth
   934 | D:2      | Reached skill level 1 in Shields
   934 | D:2      | Reached skill level 1 in Unarmed Combat
   934 | D:2      | Reached skill level 1 in Evocations
   934 | D:2      | Reached XP level 4. HP: 8/38 MP: 8/11
  1066 | D:2      | Noticed Natasha
  1077 | D:2      | Killed Natasha
  1078 | D:2      | Reached skill level 1 in Hexes
  1078 | D:2      | Reached skill level 1 in Summonings
  1078 | D:2      | Reached skill level 1 in Necromancy
  1078 | D:2      | Reached skill level 1 in Translocations
  1078 | D:2      | Reached skill level 1 in Transmutations
  1078 | D:2      | Reached skill level 1 in Fire Magic
  1078 | D:2      | Reached skill level 1 in Ice Magic
  1078 | D:2      | Reached skill level 1 in Air Magic
  1078 | D:2      | Reached skill level 1 in Earth Magic
  1078 | D:2      | Reached skill level 1 in Poison Magic
  1569 | D:2      | Noticed Natasha
  1577 | D:2      | Killed Natasha
  1578 | D:2      | Reached XP level 5. HP: 19/43 MP: 9/12
  2431 | D:3      | Reached XP level 6. HP: 45/50 MP: 13/13
  2443 | D:3      | Reached skill level 5 in Fighting
  2443 | D:3      | Reached skill level 5 in Dodging
  3061 | D:4      | Found a runed translucent door.
  3074 | D:4      | Noticed ritesign's ghost (amateur DECj)
  3081 | D:4      | Found the -2 hat of the Alchemist {rElec rPois rF+ rC+ rN+
                  | Will+ rMut rCorr}
  3103 | D:4      | Found a staircase to the Ecumenical Temple.
  3159 | Temple   | Entered the Ecumenical Temple
  3325 | Temple   | Became a worshipper of the Wu Jian Council
  3526 | D:4      | Reached skill level 7 in Long Blades
  3526 | D:4      | Reached XP level 7. HP: 38/56 MP: 15/15
  3868 | D:4      | Found a basalt altar of Yredelemnul.
  4016 | D:5      | Entered Level 5 of the Dungeon
  4225 | D:5      | Reached XP level 8. HP: 55/63 MP: 16/16
  4596 | D:5      | Found a white marble altar of Elyvilon.
  4694 | D:5      | Noticed Prince Ribbit
  4702 | D:5      | Killed Prince Ribbit
  5405 | D:6      | Reached * piety under Wu Jian
  5436 | D:6      | Identified a scroll of acquirement
  5436 | D:6      | Acquired 426 gold pieces
  5667 | D:6      | Found a hide-covered altar of Uskayaw.
  5741 | D:5      | Reached XP level 9. HP: 55/69 MP: 18/18
  6474 | D:7      | Noticed Joseph
  6746 | D:7      | Reached skill level 8 in Long Blades
  6825 | D:7      | Killed Joseph
  6826 | D:7      | Reached skill level 5 in Invocations
  6890 | D:7      | Reached ** piety under Wu Jian
  7834 | D:7      | Reached skill level 5 in Short Blades
  7834 | D:7      | Reached skill level 5 in Axes
  7834 | D:7      | Reached skill level 5 in Maces & Flails
  7834 | D:7      | Reached skill level 5 in Polearms
  7834 | D:7      | Reached skill level 5 in Staves
  7834 | D:7      | Reached skill level 5 in Ranged Weapons
  7834 | D:7      | Reached skill level 5 in Throwing
  7834 | D:7      | Reached skill level 5 in Armour
  7834 | D:7      | Reached skill level 5 in Stealth
  7834 | D:7      | Reached skill level 5 in Shields
  7834 | D:7      | Reached skill level 5 in Unarmed Combat
  7834 | D:7      | Reached skill level 5 in Evocations
  7834 | D:7      | Reached XP level 10. HP: 51/75 MP: 20/20
  8434 | D:8      | Found Unecwis's Weapon Shoppe.
  8552 | D:8      | Found a transporter.
  8565 | D:8      | Found a transporter.
  8569 | D:8      | Found a transporter.
  8577 | D:8      | Found Poseiraq's Antique Weapon Shoppe.
  8908 | D:8      | Found a snail-covered altar of Cheibriados.
  8909 | D:8      | Found a staircase to the Lair.
  9020 | D:8      | Found Asiuwaoh's Antique Armour Boutique.
  9414 | D:8      | Reached *** piety under Wu Jian
  9634 | D:8      | Found a transporter.
  9728 | D:8      | Learned a level 4 spell: Flame Wave
  9733 | D:8      | Learned a level 4 spell: Sticky Flame
  9737 | D:8      | Learned a level 3 spell: Vampiric Draining
  9742 | D:8      | Learned a level 4 spell: Dispel Undead
 10690 | D:9      | Reached **** piety under Wu Jian
 10843 | D:10     | Entered Level 10 of the Dungeon
 11561 | D:10     | Reached skill level 9 in Long Blades
 11703 | D:10     | Reached skill level 5 in Hexes
 11703 | D:10     | Reached skill level 5 in Summonings
 11703 | D:10     | Reached skill level 5 in Necromancy
 11703 | D:10     | Reached skill level 5 in Translocations
 11703 | D:10     | Reached skill level 5 in Transmutations
 11703 | D:10     | Reached skill level 5 in Fire Magic
 11703 | D:10     | Reached skill level 5 in Ice Magic
 11703 | D:10     | Reached skill level 5 in Air Magic
 11703 | D:10     | Reached skill level 5 in Earth Magic
 11703 | D:10     | Reached skill level 5 in Poison Magic
 11705 | D:10     | Noticed a two-headed ogre
 11709 | D:10     | Reached XP level 11. HP: 58/85 MP: 14/22
 11759 | D:10     | Killed a two-headed ogre
 12071 | D:10     | Found a shimmering altar of Xom.
 12131 | D:11     | Noticed Grum
 12362 | D:11     | Killed Grum
 12374 | D:11     | Noticed a cyclops
 12505 | D:11     | Noticed a cyclops
 12540 | D:11     | Killed a cyclops
 12693 | D:11     | Killed a cyclops
 12924 | D:11     | Found Onweig's Antique Armour Boutique.
 13250 | D:11     | Bought a pair of spiked boots for 152 gold pieces
 13250 | D:11     | Identified the +0 pair of boots "Pocaxomm" {Rampage rF-
                  | Int+9} (You bought it in a shop on level 11 of the Dungeon)
 13376 | D:11     | Noticed Psyche
 13389 | D:11     | Killed Psyche
 13587 | D:11     | You fall into a shaft and drop 2 floors!
 13720 | D:12     | Noticed a cyclops
 13929 | D:11     | Found a staircase to the Orcish Mines.
 14040 | D:11     | Learned a level 2 spell: Blink
 14328 | D:12     | Noticed a manticore
 14800 | Lair:1   | Entered Level 1 of the Lair of Beasts
 14825 | D:8      | HP: 4/86 [yak (5)]
 14827 | D:8      | Slain by a yak

Illustrated notes

Levels and vault maps discovered:
D:1:      sevenhm_arrival_forest_fort_small_3, layout_loops_ring,
          dreamdust_ecumenical_altar_statues, roderic_roman_lattice
D:2:      layout_basic, chequers_serial_rivers_micro_e, uniq_natasha
D:3:      cheibrodos_fertilizer, layout_basic, hangedman_abyss_or_decor_stabs
D:4:      layout_rooms, nicolae_yredelemnul_corpse_copse,
          minmay_temple_entry_junction, ebering_ghost_sewer_d
D:5:      layout_layer_cave, nicolae_elyvilon_temple_path,
          minmay_misc_feat_ornament, minivault_25,
          minmay_misc_feat_secret_circle, uniq_prince_ribbit1
D:6:      layout_cave_pools, nicolae_uskayaw_suspiria, kennysheep_generic_room_8
D:7:      layout_layer_cave, uniq_joseph
D:8:      layout_loops_ring, slow_altar_1, lair_entry_dummy, serial_shops, shop,
          shop, shop, nicolae_transporter_circle
D:9:      layout_cave_pools
D:10:     layout_irregular_city, mainiacjoe_overflow_alcove_2,
          serial_column_ruins, column_ruins_square_huge,
          column_ruins_open_large, column_ruins_columns_straight,
          column_ruins_open_small, column_ruins_open_medium_water,
          column_ruins_open_small
D:11:     layout_stronghold, orc_0_dummy, serial_rivers,
          chequers_serial_rivers_large_a, chequers_serial_rivers_small_a,
          chequers_serial_rivers_micro_e, chequers_serial_rivers_micro_d,
          chequers_serial_rivers_room_a, chequers_serial_rivers_small_b,
          serial_shops, nicolae_shop_peninsula, uniq_psyche, uniq_grum
D:12:     layout_roguey, minmay_microvault
D:13:     layout_roguey
Temple:   nicolae_temple_bog_church
Lair:1:   layout_roguey, uniq_nergalle, uniq_urug

Skill      XL: |  1  2  3  4  5  6  7  8  9 10 11 |
---------------+----------------------------------+-----
Spellcasting   | 5 6 7 8 |  8.5
Invocations    | 1 2 3 4 5 6 7 |  7.4
Short Blades   | 1 2 3 4 5 6 |  6.7
Axes           | 1 2 3 4 5 6 |  6.7
Maces & Flails | 1 2 3 4 5 6 |  6.7
Polearms       | 1 2 3 4 5 6 |  6.7
Staves         | 1 2 3 4 5 6 |  6.7
Ranged Weapons | 1 2 3 4 5 6 |  6.7
Throwing       | 1 2 3 4 5 6 |  6.7
Armour         | 1 2 3 4 5 6 |  6.7
Stealth        | 1 2 3 4 5 6 |  6.7
Shields        | 1 2 3 4 5 6 |  6.7
Unarmed Combat | 1 2 3 4 5 6 |  6.7
Evocations     | 1 2 3 4 5 6 |  6.7
Hexes          | 1 2 3 4 5 |  5.5
Summonings     | 1 2 3 4 5 |  5.5
Necromancy     | 1 2 3 4 5 |  5.5
Translocations | 1 2 3 4 5 |  5.5
Transmutations | 1 2 3 4 5 |  5.5
Fire Magic     | 1 2 3 4 5 |  5.5
Ice Magic      | 1 2 3 4 5 |  5.5
Air Magic      | 1 2 3 4 5 |  5.5
Earth Magic    | 1 2 3 4 5 |  5.5
Poison Magic   | 1 2 3 4 5 |  5.5
Fighting       | 5 6 7 8 |  8.2
Dodging        | 5 6 7 8 |  8.2
Long Blades    | 7 8 9 |  9.5
Conjurations   | 6 7 |  7.9

Action                     |  1- 3 |  4- 6 |  7- 9 | 10-12 || total
---------------------------+-------+-------+-------+-------++-------
  Melee: Falchion          |    76 |   148 |   475 |   466 ||  1165
         Short sword       |     3 |       |       |       ||     3
         Punch             |     1 |     4 |    10 |    17 ||    32
         Bite              |     4 |    15 |    67 |    64 ||   150
  Throw: Dart              |       |    17 |    30 |    33 ||    80
         Throwing net      |       |       |     1 |     1 ||     2
   Cast: Momentum Strike   |     1 |     6 |     7 |     5 ||    19
         Sticky Flame      |       |       |       |    31 ||    31
         Vampiric Draining |       |       |       |    22 ||    22
         Flame Wave        |       |       |       |     1 ||     1
Ability: Lunge             |       |     2 |    21 |    19 ||    42
         Whirlwind         |       |       |    13 |    10 ||    23
         Wall Jump         |       |       |       |     3 ||     3
  Evoke: Wand              |       |     1 |     9 |    16 ||    26
    Use: Potion            |     1 |       |       |     4 ||     5
         Scroll            |       |     9 |     5 |    13 ||    27
   Stab: Sleeping          |       |     5 |     8 |     6 ||    19
         Invisible         |       |     1 |     6 |     2 ||     9
         Distracted        |       |       |     2 |       ||     2
 Armour: Leather armour    |    24 |    32 |   106 |   102 ||   264
         Skin              |       |       |       |     2 ||     2
  Dodge: Dodged            |    49 |   100 |   357 |   424 ||   930
